 Dungeon Crawl Stone Soup version 0.24.1-1-gd1d2a07e1b (webtiles) character file.

Game seed: 15553127790848051162, levelgen mode: deterministic

44 Heliosone the Conjurer (level 3, 0/19 HPs)
             Began as a Tengu Fire Elementalist on Apr 9, 2020.
             Succumbed to an adder's poison
             ... on level 2 of the Dungeon.
             The game lasted 00:03:42 (1886 turns).

Heliosone the Conjurer (Tengu Fire Elementalist)    Turns: 1886, Time: 00:03:42

Health: 0/19       AC:  2    Str:  8    XL:     3   Next: 60%
Magic:  0/7        EV: 12    Int: 16    God:
Gold:   61         SH:  0    Dex: 14    Spells: 0/6 levels left

rFire    . . .     SeeInvis .   f - +0 whip
rCold    . . .     Gourm    .   (no shield)
rNeg     . . .     Faith    .   a - +0 robe
rPois    .         Spirit   .   (helmet restricted)
rElec    .         Reflect  .   (no cloak)
rCorr    .         Harm     .   (no gloves)
MR       .....                  (boots unavailable)
Stlth    ++........             (no amulet)
HPRegen  0.06/turn              (no ring)
MPRegen  0.10/turn              (no ring)

@: lethally poisoned (0 -> -7)
A: beak, talons 3
a: no special abilities


You were on level 2 of the Dungeon.
You were not hungry.

You visited 1 branch of the dungeon, and saw 2 of its levels.

You collected 61 gold pieces.

Inventory:

Hand Weapons
 f - a +0 whip (weapon)
Armour
 a - a +0 robe (worn)
Scrolls
 d - 2 scrolls of identify {unknown}
 g - a scroll of magic mapping {unknown}
 h - a scroll of enchant weapon {unknown}
 i - a scroll of noise {unknown}
Potions
 b - a potion of mutation {unknown}
 e - a potion of curing {unknown}
 j - a potion of haste {unknown}
 l - a potion of might {unknown}
Comestibles
 c - 2 rations
 k - 3 chunks of flesh


   Skills:
 - Level 2.1 Dodging
 - Level 2.0 Stealth
 - Level 2.0 Spellcasting
 + Level 4.5 Conjurations
 - Level 3.2 Fire Magic


You couldn't memorise any spells.
You knew the following spells:

 Your Spells              Type           Power        Failure   Level  Hunger
a - Flame Tongue          Conj/Fire      ##...        4%          1    #......
b - Throw Flame           Conj/Fire      ##....       6%          2    ###....
c - Conjure Flame         Conj/Fire      ##......     12%         3    ###....

Your spell library contained the following spells:

 Spells                   Type           Power        Failure   Level  Hunger
 Inner Flame              Hex/Fire       #.......     32%         3    ###....
 Sticky Flame             Conj/Fire      ##......     38%         4    #####..
 Fireball                 Conj/Fire      ##........   75%         5    ######.


Dungeon Overview and Level Annotations

Branches:
Dungeon (2/15)

Altars:


Innate Abilities, Weirdness & Mutations

You have a beak for a mouth.
You have claws for feet.


Message History

Aim: an adder (severely wounded)
The flame tongue hits the adder.
The adder is almost dead.
The adder barely misses you.
Casting: Flame Tongue (safe; 4% risk of failure)
Confirm with . or Enter, or press ? or * to list all spells.
Aiming: Flame Tongue (safe; 4% risk of failure)
Press: ? - help, Shift-Dir - straight line, f/p - adder
Aim: an adder (almost dead)
The flame tongue misses the adder.
You feel sick. The adder closely misses you.
Casting: Flame Tongue (safe; 4% risk of failure)
Confirm with . or Enter, or press ? or * to list all spells.
Aiming: Flame Tongue (safe; 4% risk of failure)
Press: ? - help, Shift-Dir - straight line, f/p - adder
Aim: an adder (almost dead)
The flame tongue misses the adder.
The adder bites you.
* * * LOW HITPOINT WARNING * * *
You hit the adder.
You kill the adder!
You die...

#############
...........
###......w#
#.+.......+
###.#....†..# .
..#.......@...## .
......#.......# #
###.#..........#
+...'................#
#...#.###.####.......#
.[....### #..#.......#
......... #..#.......#
........###..#....####
........+...÷.........


You could see a worm.

Vanquished Creatures
  An adder (D:2)
  A shadow imp (D:2)
  A worm (D:2)
  A leopard gecko (D:1)
  3 bats
  5 goblins
  3 hobgoblins (D:1)
  3 kobolds (D:1)
  A frilled lizard (D:2)
  2 rats
21 creatures vanquished.

Notes
Turn   | Place    | Note
-------+----------+-------------------------------------------
     0 | D:1      | Heliosone the Tengu Fire Elementalist began the quest for
                  | the Orb.
     0 | D:1      | Reached XP level 1. HP: 10/10 MP: 4/4
   134 | D:1      | Reached skill level 2 in Conjurations
   497 | D:1      | Reached XP level 2. HP: 7/15 MP: 0/6
   669 | D:1      | Reached skill level 3 in Conjurations
   686 | D:1      | Learned a level 2 spell: Throw Flame
  1674 | D:2      | Reached XP level 3. HP: 19/19 MP: 0/7
  1758 | D:2      | Reached skill level 4 in Conjurations
  1871 | D:2      | Learned a level 3 spell: Conjure Flame
  1886 | D:2      | Succumbed to an adder's poison

Levels and vault maps discovered:
D:1:      dpeg_arrival_boxorama, layout_basic
D:2:      layout_basic, uniq_terence

Skill      XL: |  1  2  3 |
---------------+----------+-----
Conjurations   | 2 3 4 |  4.5
Dodging        | |  2.1
Stealth        | |  2.0
Spellcasting   | |  2.0
Fire Magic     | |  3.2

Action                   || total
-------------------------++-------
Melee: Unarmed           ||     2
       Whip              ||    12
       Kick              ||     3
 Cast: Flame Tongue      ||    43
       Throw Flame       ||     5
  Eat: Chunk             ||     4
Armor: Robe              ||     7
Dodge: Dodged            ||    16
